 Dungeon Crawl Stone Soup version 0.21.1-1-g345015f (webtiles) character file.

72 inc the Charmwright (level 4, 18/18 HPs)
             Began as a Felid Ice Elementalist on Mar 3, 2018.
             Quit the game on level 2 of the Dungeon.
             The game lasted 00:06:24 (3207 turns).

inc the Charmwright (Felid Ice Elementalist)        Turns: 3207, Time: 00:06:24

Health: 18/18      AC:  1    Str:  4    XL:     4   Next: 7%
Magic:  8/8        EV: 18    Int: 17    God:
Gold:   136        SH:  0    Dex: 17    Spells: 3/7 levels left
                                        Lives:  0   Deaths: 1

rFire    . . .     SeeInvis +     - Unarmed
rCold    . . .     Gourm    .   (shield unavailable)
rNeg     . . .     Faith    .   (armour unavailable)
rPois    .         Spirit   .   (helmet unavailable)
rElec    .         Reflect  .   (cloak unavailable)
rCorr    .         Harm     .   (gloves unavailable)
MR       .....                  (boots unavailable)
Stlth    ++++......             (no amulet)
HPRegen  0.06/turn              d - ring of stealth
MPRegen  0.11/turn              (no ring)

@: quick
A: very small, no armour, no weapons or thrown items, stealth, claws 1, fangs 3,
see invisible, carnivore, speed 1, shaggy fur 1, slow metabolism 1, sharp paws
a: no special abilities


You were on level 2 of the Dungeon.
You were not hungry.

You visited 1 branch of the dungeon, and saw 3 of its levels.

You collected 136 gold pieces.

Inventory:

Jewellery
 d - a ring of stealth (left paw)
Scrolls
 c - a scroll of identify {unknown}
 e - a scroll of blinking {unknown}
 f - a scroll of remove curse
 g - 2 scrolls of amnesia
 i - a scroll of fog {unknown}
Potions
 h - a potion of curing
 j - a potion of heal wounds {unknown}
 k - a potion of mutation {unknown}
Books
 a - a book of Frost

   Spells                             Type                      Level
   a - Freeze                         Ice                          1
   b - Throw Frost                    Conjuration/Ice              2
   c - Ozocubu's Armour               Charms/Ice                   3
   d - Throw Icicle                   Conjuration/Ice              4
   e - Summon Ice Beast               Ice/Summoning                4
Comestibles
 b - 2 rations


   Skills:
 - Level 3.2 Dodging
 - Level 2.6 Stealth
 - Level 2.2 Unarmed Combat
 - Level 2.0 Spellcasting
   Level 0.8 Conjurations
 + Level 3.9 Charms
 - Level 3.2 Ice Magic


You had 3 spell levels left.
You knew the following spells:

 Your Spells              Type           Power        Failure   Level  Hunger
a - Freeze                Ice            ##..         4%          1    #......
b - Ozocubu's Armour      Chrm/Ice       ##......     13%         3    ###....


Dungeon Overview and Level Annotations

Branches:
Dungeon (3/15)

Altars:
Ashenzari
Nemelex Xobeh

Annotations:
D:2 Jessica
D:3 Natasha


Innate Abilities, Weirdness & Mutations

You cannot wear armour.
You are incapable of wielding weapons or throwing items.
Your paws allow you to move quietly. (Stealth)
You have sharp claws.
You have razor-sharp teeth.
You have supernaturally acute eyesight. (SInv)
You are carnivorous and can eat meat at any time.
You cover ground quickly.
You are covered in fur. (AC +1)
You have a slow metabolism.
Your sharp claws are effective at attacking unaware monsters.


Message History

Aiming: Freeze
Press: ? - help, Shift-Dir - straight line, f/p - Jessica
Aim: Jessica, wielding a club and wearing a robe (heavily wounded)
You freeze Jessica.
Jessica is severely wounded.
You feel yourself speed up. The bat hits you but does no damage.
The bat barely misses you. The bat hits you.
Jessica gestures wildly while chanting.
Jessica blinks!
Jessica gestures at you while chanting. Pain shoots through your body!
Ouch! That really hurt!
You die...
The bat hits you but does no damage.
You are now level 4!
You rejoin the land of the living...
Found a shattered altar of Ashenzari.
There is a shattered altar of Ashenzari here.
Are you sure you want to abandon this character and quit the game? (Confirm with "yes".)

############.# .##
#............. ..#
#.#######..#.# ###.#
###..####..#.# ...#
#..#.......# #.###
#..#.##..#.# ##...#
#..#.##..#.#
###.##....###'##.##.....
.......@......##.##..#..
..###....##.#....##..##.
#...###.#.###....# .
###.# #.#.. ...... #..
..#... .....# #.#
###.......... #.#
#.###.#..## #.# #.#
.#..# #.# #


There were no monsters in sight!

Vanquished Creatures
  An orc wizard (D:3)
  7 adders
  3 oozes (D:1)
  A dart slug (D:1)
  A leopard gecko (D:3)
  An orc (D:3)
  2 giant cockroaches
  5 goblins
  4 hobgoblins
  7 jackals (D:3)
  2 bats
  2 frilled lizards
  6 kobolds
  5 rats
47 creatures vanquished.

Notes
Turn   | Place    | Note
-------+----------+-------------------------------------------
     0 | D:1      | inc the Felid Ice Elementalist began the quest for the Orb.
     0 | D:1      | Reached XP level 1. HP: 7/7 MP: 4/4
   327 | D:1      | Reached XP level 2. HP: 11/11 MP: 6/6
   638 | D:1      | Reached skill level 1 in Unarmed Combat
  1716 | D:2      | Reached XP level 3. HP: 14/14 MP: 4/7
  1848 | D:1      | Learned a level 3 spell: Ozocubu's Armour
  1967 | D:3      | Noticed Natasha
  2063 | D:3      | Found a sparkling altar of Nemelex Xobeh.
  2186 | D:2      | Reached skill level 1 in Charms
  2425 | D:3      | Reached XP level 4. HP: 12/18 MP: 0/8
  3142 | D:2      | Reached XP level 5. HP: 21/21 MP: 5/9
  3165 | D:2      | Noticed Jessica
  3179 | D:2      | Killed from afar by Jessica
  3180 | D:2      | Reached XP level 4. HP: -5/18 MP: 6/8
  3199 | D:2      | Found a shattered altar of Ashenzari.
  3207 | D:2      | Quit the game

Skill      XL: |  1  2  3  4 |
---------------+-------------+-----
Ice Magic      | 3 |  3.2
Unarmed Combat | 1 2 |  2.2
Dodging        | 3 |  3.2
Charms         | 2 3 |  3.9
Stealth        | |  2.6
Spellcasting   | |  2.0
Conjurations   | |  0.8

Action                   |  1- 3 |  4- 6 || total
-------------------------+-------+-------++-------
Melee: Unarmed           |    12 |    34 ||    46
       Bite              |       |     2 ||     2
 Cast: Freeze            |    54 |    28 ||    82
       Ozocubu's Armour  |     2 |       ||     2
  Use: Scroll            |     2 |       ||     2
       Potion            |     1 |     2 ||     3
 Stab: Sleeping          |     5 |     2 ||     7
  Eat: Chunk             |     5 |     3 ||     8
Armor: Skin              |     2 |    10 ||    12
Dodge: Dodged            |    57 |    44 ||   101
